 Dungeon Crawl Stone Soup version 0.30-a0-335-ge5acde7520 (webtiles) character file.

Game seed: 8783894111065102169

4123 bande the Cleaver (level 10, -1/86 HPs)
             Began as a Hill Orc Fighter on Oct 30, 2022.
             Was a Priest of Beogh.
             Killed from afar by an acid dragon (14 damage)
             ... with a splash of acid
             ... on level 8 of the Dungeon.
             The game lasted 00:13:07 (8069 turns).

bande the Cleaver (Hill Orc Fighter)                Turns: 8069, Time: 00:13:09

Health: -1/86      AC: 11    Str: 20    XL:     10   Next: 27%
Magic:  14/15      EV: 10    Int:  8    God:    Beogh [***...]
Gold:   312        SH:  6    Dex: 14    Spells: 9/9 levels left

rFire   + . .      SeeInvis .    o - +0 broad axe (freeze)
rCold   . . .      Faith    .    c - +1 buckler
rNeg    . . .      Spirit   .    h - +0 plate armour
rPois   .          Reflect  .    (helmet restricted)
rElec   .          Harm     .    (no cloak)
rCorr   .          Rampage  .    (no gloves)
Will    .....                    y - +0 pair of boots
Stlth   ..........               (no amulet)
HPRegen 0.34/turn                q - ring of protection from fire
MPRegen 0.14/turn                l - +4 ring of evasion

@: about to teleport, marked, corroded
A: horns 1
a: Renounce Religion, Smiting


You were on level 8 of the Dungeon.
You worshipped Beogh.
Beogh was most pleased with you.
You visited 1 branch of the dungeon, and saw 8 of its levels.

You collected 312 gold pieces.

Inventory:

Hand Weapons
 o - a +0 broad axe of freezing (weapon)
 r - a +1 war axe of pain
 u - a +3 flail of holy wrath
Armour
 c - a +1 buckler (worn)
 h - a +0 plate armour (worn)
 y - a +0 pair of boots (worn)
Jewellery
 e - a ring of protection from cold
 l - a +4 ring of evasion (right hand)
 q - a ring of protection from fire (left hand)
 s - a ring of magical power
Wands
 t - a wand of flame (23)
 w - a wand of polymorph (14)
Scrolls
 a - a scroll of amnesia
 i - 4 scrolls of identify
 k - 4 scrolls of teleportation
 n - a scroll of enchant armour
 p - 2 scrolls of fog
Potions
 b - a potion of mutation
 d - a potion of might
 f - 4 potions of flight
 g - a potion of resistance
 j - 5 potions of brilliance
 m - a potion of curing
 v - 2 potions of heal wounds {unknown}
 x - a potion of haste


   Skills:
 + Level 7.4 Fighting
 + Level 12.7 Axes
 + Level 8.1 Armour
 - Level 0.1 Stealth
 + Level 5.6 Shields
 * Level 6.6 Invocations


You had 9 spell levels left.
You didn't know any spells.
Your spell library contained the following spells:

 Spells                   Type           Power      Damage    Failure   Level
 Gell's Gravitas          Tloc           0%         N/A       100%        3
 Ignite Poison            Fire/Tmut/Pois 0%         N/A       100%        3
 Kindle Blastsparks       Fire/Tloc/Air  0%         2d10      100%        3
 Lesser Beckoning         Tloc           0%         N/A       100%        3
 Teleport Other           Tloc           0%         N/A       100%        3
 Freezing Cloud           Conj/Ice/Air   0%         6-21      100%        5


Dungeon Overview and Level Annotations

Branches:
Dungeon (8/15)             Temple (0/1) D:6
   Lair: D:8-11

Altars:
Cheibriados
Gozag
Hepliaklqana
Okawaru
Ru
Uskayaw
Wu Jian


Innate Abilities, Weirdness & Mutations

You have a pair of small horns on your head.


Message History

The acid dragon is heavily wounded.
The acid dragon spits acid at you. The splash of acid hits you.
* * * LOW HITPOINT WARNING * * *
The acid corrodes you!
Your orc warrior hits the acid dragon with a +0 flail!
The acid dragon dies!
Beogh accepts your kill.
The acid dragon scales are intact enough to wear.
Your orc warrior looks more experienced.
Your orc hits something but does no damage.
Your orc hits the orc priest with a +0 hand axe.
Your orc hits the orc with a +0 hand axe.
Something barely misses your orc. What are your orders? t - Shout!
Orders for allies: a - Attack new target. r - Retreat! s - Stop attacking. g - Guard the area. f - Follow me.
Anything else - Cancel.
Retreat in which direction?
Press: ? - help, Dir - move target, f - you
Okay, then.
Unknown command.
As you read the scroll of teleportation, it crumbles to dust.
You feel strangely unstable. Something closely misses your orc.
The acid dragon closely misses your orc warrior.
The acid dragon claws your orc warrior.
The orc priest mumbles some strange prayers to Beogh against you.
Beogh smites you!
* * * LOW HITPOINT WARNING * * *
Your orc hits something with a +0 hand axe.
Your orc hits the orc priest with a +0 hand axe.
The orc stares at you in amazement and kneels.
It shouts, "I'll follow thee gladly!"
An orc comes into view. It is wielding a +0 hand axe.
Your orc warrior hits the acid dragon with a +0 flail.
The acid dragon spits acid at you. The splash of acid hits you!
You die...

♣P......#......#
.~~~♣.....#......#
.~~~~.....>....#.#
.P~~♣.........##.#
.P~~~.###.....#..#
.~~~S..#......#.##
.~~♣.#...#....#.
.~P.....D.....# # #
..####..#o.@..#.#..
....##††O.......
..## ##[......## #
#o)....##
##)##.>..).
#.o....####
......o.....#
###.#...###.# #
#..## #


You could see a two-headed ogre, an acid dragon (catching breath, ally target),
an electric eel, an orc priest (distracted), an orc, a friendly orc warrior and
a friendly orc.

Vanquished Creatures
  A cyclops (D:7)
  A wyvern (D:7)
  A steam dragon (D:7)
  Edmund (D:6)
  3 sky beasts
  2 ice beasts
  An orc warrior (D:6)
  A black bear (D:5)
  3 ogres
  2 centaurs
  2 kobold brigands (D:6)
  2 necrophages
  6 bullfrogs
  4 scorpions
  4 wights (D:6)
  4 killer bees (D:7)
  5 howler monkeys (D:8)
  A crimson imp (D:8)
  5 hounds
  An orc priest (D:5)
  3 jellies
  Jessica (D:2)
  4 iguanas
  An orc wizard (D:8)
  7 gnolls
  9 adders
  A shadow imp (D:7)
  A white imp (D:5)
  2 ufetubi (D:4)
  4 worms
  3 dart slugs
  24 orcs
  5 ball pythons
  9 endoplasms
  3 giant cockroaches
  8 hobgoblins
  3 jackals (D:1)
  9 kobolds
  6 quokkas
  5 bats (D:1)
  6 frilled lizards
  6 goblins
  4 rats
174 creatures vanquished.

Vanquished Creatures (collateral kills)
  An acid dragon (D:8)
1 creature vanquished.

Vanquished Creatures (others)
  2 orcs (D:4)
  5 plants (D:6)
7 creatures vanquished.

Grand Total: 182 creatures vanquished

Notes
Turn   | Place    | Note
-------+----------+-------------------------------------------
     0 | D:1      | bande the Hill Orc Fighter began the quest for the Orb.
     0 | D:1      | Reached XP level 1. HP: 19/19 MP: 1/1
   113 | D:1      | Reached XP level 2. HP: 21/27 MP: 2/2
   369 | D:1      | Reached skill level 3 in Axes
   598 | D:1      | Reached XP level 3. HP: 33/33 MP: 3/3
  1089 | D:2      | Reached skill level 4 in Axes
  1089 | D:2      | Reached XP level 4. HP: 35/40 MP: 4/4
  1677 | D:2      | Noticed Jessica
  1682 | D:2      | Killed Jessica
  1793 | D:3      | Reached XP level 5. HP: 43/46 MP: 5/5
  1829 | D:3      | Found an opulent altar of Gozag.
  2009 | D:3      | Reached skill level 5 in Axes
  2062 | D:3      | Found Ryloaf's Assorted Antiques.
  2982 | D:3      | Reached skill level 6 in Axes
  2982 | D:3      | Reached XP level 6. HP: 48/53 MP: 6/6
  3254 | D:4      | Became a worshipper of Beogh the Brigand
  3713 | D:4      | Reached * piety under Beogh
  3717 | D:4      | Reached skill level 7 in Axes
  3726 | D:4      | Found an ornate altar of the Wu Jian Council.
  4006 | D:4      | Found a hazy altar of Hepliaklqana.
  4106 | D:5      | Entered Level 5 of the Dungeon
  4447 | D:5      | Found an iron altar of Okawaru.
  4462 | D:5      | Reached XP level 7. HP: 48/60 MP: 7/7
  4704 | D:5      | Reached skill level 5 in Armour
  4786 | D:5      | Reached skill level 5 in Fighting
  4813 | D:5      | Reached skill level 8 in Axes
  5046 | D:5      | Reached XP level 8. HP: 68/68 MP: 8/8
  5349 | D:5      | Reached skill level 9 in Axes
  5349 | D:5      | Reached skill level 1 in Invocations
  5566 | D:5      | Found a hide-covered altar of Uskayaw.
  5627 | D:6      | Found a snail-covered altar of Cheibriados.
  5861 | D:6      | Reached skill level 5 in Shields
  5867 | D:6      | Noticed Edmund
  5871 | D:6      | Reached skill level 10 in Axes
  5878 | D:6      | Reached ** piety under Beogh
  5905 | D:6      | Killed Edmund
  5906 | D:6      | Reached XP level 9. HP: 14/75 MP: 11/11
  6169 | D:6      | Reached skill level 11 in Axes
  6562 | D:6      | Found a staircase to the Ecumenical Temple.
  7067 | D:7      | Reached skill level 5 in Invocations
  7181 | D:7      | Noticed a cyclops
  7197 | D:7      | Killed a cyclops
  7365 | D:7      | Found a sacrificial altar of Ru.
  7394 | D:7      | Reached skill level 12 in Axes
  7571 | D:7      | Reached XP level 10. HP: 23/86 MP: 14/14
  7921 | D:7      | Gained mutation: You are frail. (-10% HP) [potion of
                  | mutation]
  7921 | D:7      | Gained mutation: You have a pair of small horns on your
                  | head. [potion of mutation]
  7921 | D:7      | Lost mutation: You are frail. (-10% HP) [potion of
                  | mutation]
  8060 | D:8      | Noticed a two-headed ogre
  8062 | D:8      | Reached *** piety under Beogh
  8069 | D:8      | Killed from afar by an acid dragon

Illustrated notes

Levels and vault maps discovered:
D:1:      beargit_arrival_diablo_church, layout_basic, dk_noncrumbling_2
D:2:      layout_basic, kennysheep_jessica_study
D:3:      layout_loops_corners, mainiacjoe_overflow_catwalk, serial_shops,
          nicolae_shop_waterfront
D:4:      layout_basic, mainiacjoe_overflow_brackets, nzn_hepliaklqana_mist_gate
D:5:      layout_loops_corners, marbit_many_paths, mainiacjoe_overflow_chevrons
D:6:      layout_loops_ring, lemuel_doored_altar,
          minmay_temple_entry_stoned_glass, kennysheep_cross_room,
          minmay_misc_feat_x, hangedman_abyss_or_decor_passed,
          serial_bayou_pond_b, minmay_between, uniq_edmund
D:7:      layout_basic, nicolae_ru_great_annihilating_truth, minmay_fountain_box
D:8:      layout_rooms, yredelemnul_altar_generic, makhleb_grotto_becter,
          serial_bayou_lagoon_b

Skill      XL: |  1  2  3  4  5  6  7  8  9 10 |
---------------+-------------------------------+-----
Axes           | 3 4 6 7 8 10 12 | 12.7
Fighting       | 4 5 7 |  7.4
Armour         | 4 5 6 7 8 |  8.1
Shields        | 4 5 |  5.6
Invocations    | 3 6 |  6.6
Stealth        | |  0.1

Action                   |  1- 3 |  4- 6 |  7- 9 | 10-12 || total
-------------------------+-------+-------+-------+-------++-------
Melee: War axe           |    62 |       |       |       ||    62
       Broad axe         |    11 |   159 |   303 |    35 ||   508
       Headbutt          |       |       |       |     4 ||     4
Invok: Convert to Beogh  |       |     1 |       |       ||     1
  Use: Scroll            |       |    13 |     4 |     3 ||    20
       Potion            |       |       |       |     1 ||     1
 Stab: Invisible         |       |       |     1 |       ||     1
       Paralysed         |       |       |     1 |       ||     1
Armor: Scale mail        |    33 |    22 |       |       ||    55
       Plate armour      |       |    52 |   137 |    17 ||   206
Dodge: Dodged            |    37 |    93 |   107 |    18 ||   255
Block: Buckler           |    18 |    46 |    75 |    10 ||   149

Table legend: (Time is in decaauts)
 A = Elapsed time spent in this place.
 B = Non-inter-level travel time spent in this place.
 C = Inter-level travel time spent in this place.
 D = Time resting spent in this place.
 E = Time spent auto-exploring this place.
 F = Levels seen in this place.
 G = Mean time per level.
                   A        B        C        D        E       F      G
               +--------+--------+--------+--------+--------+-----+--------+
         Total |   8201 |   8070 |    131 |   1732 |   4900 |   8 | 1025.1 |
       Dungeon |   8201 |   8070 |    131 |   1732 |   4900 |   8 | 1025.1 |
               +--------+--------+--------+--------+--------+-----+--------+

Top non-repeatable levels by time:
     D:5: 1513 daAuts
     D:3: 1432 daAuts
     D:6: 1393 daAuts
     D:7: 1034 daAuts
     D:4: 1000 daAuts
     D:1: 935 daAuts
     D:2: 825 daAuts
     D:8: 65 daAuts
